ITL
TRENTON STARS @ HAVANA ROLLERS
08/06/2030
 
TOP OF THE 1ST
Trenton Stars batting - Pitching for Havana Rollers : RHP Ron Bartlett
Pitching: RHP Ron Bartlett
Batting: RHB Bill Bourland 0-0: Ball
1-0: Fly out, F9 (Flyball, 9)
Batting: RHB George Reeves 0-0: Called Strike
0-1: Ground out U3 (Groundball, 3L)
Batting: LHB Wes Thompson 0-0: Ball
1-0: Called Strike
1-1: Ball
2-1: Foul Ball, location: 2F
2-2: Strikes out swinging
Top of the 1st over - 0 runs, 0 hits, 0 errors, 0 left on base; Trenton 0 - Havana 0
BOTTOM OF THE 1ST
Havana Rollers batting - Pitching for Trenton Stars : RHP Roberto Carrillo
Pitching: RHP Roberto Carrillo
Batting: LHB Mario Olivares 0-0: Ball
1-0: Swinging Strike
1-1: Ground out 3-1 (Groundball, 34S)
Batting: RHB Ken MacDonald 0-0: Ball
1-0: Ball
2-0: Called Strike
2-1: Called Strike
2-2: Ball
3-2: Strikes out swinging
Batting: LHB Enrique Cortéz 0-0: Ball
1-0: Ball
2-0: SINGLE (Flyball, 8RS)
Batting: RHB Soshu Nakamura 0-0: Ball
1-0: Ball
2-0: Foul Ball, location: 2F
2-1: Swinging Strike
2-2: SINGLE (Groundball, 6MD)
Enrique Cortéz to second
Runner from 2nd tries for 3rd, SAFE, throw made to third
Batting: RHB Bill Little 0-0: Ball
1-0: Called Strike
1-1: Ball
2-1: Foul Ball, location: 2F
2-2: Strikes out swinging
Bottom of the 1st over - 0 runs, 2 hits, 0 errors, 2 left on base; Trenton 0 - Havana 0
TOP OF THE 2ND
Trenton Stars batting - Pitching for Havana Rollers : RHP Ron Bartlett
Batting: LHB Pat Zimmerman 0-0: Called Strike
0-1: Foul Ball, location: 2F
0-2: Ball
1-2: Ball
2-2: Foul Ball, location: 2F
2-2: Fly out, F8 (Flyball, 8LS)
Batting: RHB Derek Ramsey 0-0: Ball
1-0: Called Strike
1-1: Called Strike
1-2: Ball
2-2: Ball
3-2: Ground out 5-3 (Groundball, 5)
Batting: RHB Joe Baker 0-0: Ball
1-0: Ball
2-0: Foul Ball, location: 2F
2-1: Foul Ball, location: 2F
2-2: Strikes out swinging
Top of the 2nd over - 0 runs, 0 hits, 0 errors, 0 left on base; Trenton 0 - Havana 0
BOTTOM OF THE 2ND
Havana Rollers batting - Pitching for Trenton Stars : RHP Roberto Carrillo
Batting: LHB Shiro Ueno 0-0: Called Strike
0-1: Ball
1-1: Ball
2-1: Foul Ball, location: 2F
2-2: Ball
3-2: Base on Balls
Batting: RHB Paul Bailey 0-0: Foul Ball, location: 2F
0-1: Ball
1-1: Ball
2-1: Ball
3-1: Foul Ball, location: 2F
3-2: Strikes out looking
Batting: RHB Luis Aguilar 0-0: Ball
1-0: Foul Ball, location: 2F
1-1: Swinging Strike
1-2: Ball
2-2: Ball
3-2: Base on Balls
Shiro Ueno to second
Batting: RHB Chad Case 0-0: Fly out, F9 (Flyball, 89S)
Batting: LHB Mario Olivares 0-0: Called Strike
0-1: Swinging Strike
0-2: Ball
1-2: Foul Ball, location: 2F
1-2: Ball
2-2: Ball
3-2: DOUBLE (Popup, 56D)
Shiro Ueno scores
Luis Aguilar to third
Luis Aguilar scores
Batting: RHB Ken MacDonald 0-0: Ball
1-0: Ground out 6-3 (Groundball, 6)
Bottom of the 2nd over - 2 runs, 1 hit, 0 errors, 1 left on base; Trenton 0 - Havana 2
TOP OF THE 3RD
Trenton Stars batting - Pitching for Havana Rollers : RHP Ron Bartlett
Batting: RHB Jorge Flores 0-0: Ball
1-0: Ball
2-0: Called Strike
2-1: Swinging Strike
2-2: Ball
3-2: Foul Ball, location: 2F
3-2: Base on Balls
Batting: RHB Dan McKay 0-0: Called Strike
0-1: Called Strike
0-2: Foul Ball, location: 2F
0-2: Ball
1-2: Ball
2-2: Strikes out swinging
Batting: RHB Emílio Bruno 0-0: Foul Ball, location: 2F
0-1: Called Strike
0-2: Strikes out swinging
Batting: RHB Bill Bourland 0-0: Ball
Jorge Flores steals 2nd base
1-0: Foul Ball, location: 2F
1-1: Fly out, F7 (Flyball, 7LM)
Top of the 3rd over - 0 runs, 0 hits, 0 errors, 1 left on base; Trenton 0 - Havana 2
BOTTOM OF THE 3RD
Havana Rollers batting - Pitching for Trenton Stars : RHP Roberto Carrillo
Batting: LHB Enrique Cortéz 0-0: Ball
1-0: Fly out, F9 (Flyball, 89M)
Batting: RHB Soshu Nakamura 0-0: Called Strike
0-1: Foul Ball, location: 2F
0-2: Ball
1-2: Ball
2-2: Ball
3-2: Strikes out swinging
Batting: RHB Bill Little 0-0: Ball
1-0: Swinging Strike
1-1: Foul Ball, location: 2F
1-2: SINGLE (Flyball, 8RS)
Batting: LHB Shiro Ueno 0-0: Called Strike
0-1: Ball
1-1: Ball
2-1: Foul Ball, location: 2F
2-2: Foul Ball, location: 2F
2-2: Strikes out swinging
Bottom of the 3rd over - 0 runs, 1 hit, 0 errors, 1 left on base; Trenton 0 - Havana 2
TOP OF THE 4TH
Trenton Stars batting - Pitching for Havana Rollers : RHP Ron Bartlett
Batting: RHB George Reeves 0-0: Ground out 5-3 (Groundball, 5L)
Batting: LHB Wes Thompson 0-0: Ball
1-0: Ball
2-0: Foul Ball, location: 2F
2-1: Ball
3-1: SOLO HOME RUN (Flyball, 78XD), Distance : 421 ft
Batting: LHB Pat Zimmerman 0-0: Ball
1-0: SINGLE (Flyball, 8RS)
Batting: RHB Derek Ramsey 0-0: Ball
1-0: Called Strike
1-1: Foul Ball, location: 2F
1-2: Ball
Wild Pitch!
Pat Zimmerman to second
2-2: Ball
3-2: Foul Ball, location: 2F
3-2: Fly out, F9 (Flyball, 9D)
Runner from 2nd tags up, SAFE at 3rd, no throw
Batting: RHB Joe Baker 0-0: Called Strike
0-1: Ball
1-1: Fly out, F3 (Popup, 3F)
Top of the 4th over - 1 run, 2 hits, 0 errors, 1 left on base; Trenton 1 - Havana 2
BOTTOM OF THE 4TH
Havana Rollers batting - Pitching for Trenton Stars : RHP Roberto Carrillo
Batting: RHB Paul Bailey 0-0: Called Strike
0-1: Ball
1-1: Foul Ball, location: 2F
1-2: Strikes out looking
Batting: RHB Luis Aguilar 0-0: Ball
1-0: Called Strike
1-1: Ball
2-1: Ground out 1-3 (Groundball, 13S)
Batting: RHB Chad Case 0-0: Fly out, F7 (Line Drive, 78M)
Bottom of the 4th over - 0 runs, 0 hits, 0 errors, 0 left on base; Trenton 1 - Havana 2
TOP OF THE 5TH
Trenton Stars batting - Pitching for Havana Rollers : RHP Ron Bartlett
Batting: RHB Jorge Flores 0-0: Ball
1-0: Fly out, F7 (Flyball, 7)
Batting: RHB Dan McKay 0-0: Ball
1-0: Foul Ball, location: 2F
1-1: Called Strike
1-2: Ball
2-2: Ball
3-2: Base on Balls
Batting: RHB Emílio Bruno 0-0: 2-RUN HOME RUN (Flyball, 7D), Distance : 376 ft
Batting: RHB Bill Bourland 0-0: Ball
1-0: Ground out 5-3 (Groundball, 5)
Batting: RHB George Reeves 0-0: Called Strike
0-1: Called Strike
0-2: Fly out, F8 (Line Drive, 8LD)
Top of the 5th over - 2 runs, 1 hit, 0 errors, 0 left on base; Trenton 3 - Havana 2
BOTTOM OF THE 5TH
Havana Rollers batting - Pitching for Trenton Stars : RHP Roberto Carrillo
Batting: LHB Mario Olivares 0-0: Called Strike
0-1: Foul Ball, location: 2F
0-2: Ball
1-2: Foul Ball, location: 2F
1-2: Ball
2-2: Ball
3-2: Strikes out swinging
Batting: RHB Ken MacDonald 0-0: Fly out, F4 (Popup, 4MD)
Batting: LHB Enrique Cortéz 0-0: Ball
1-0: Ball
2-0: Called Strike
2-1: Fly out, F9 (Line Drive, 9)
Bottom of the 5th over - 0 runs, 0 hits, 0 errors, 0 left on base; Trenton 3 - Havana 2
TOP OF THE 6TH
Trenton Stars batting - Pitching for Havana Rollers : RHP Ron Bartlett
Batting: LHB Wes Thompson 0-0: Ball
1-0: Ball
2-0: Foul Ball, location: 2F
2-1: Foul Ball, location: 2F
2-2: SINGLE (Groundball, 4D)
Batting: LHB Pat Zimmerman 0-0: Foul Ball, location: 2F
0-1: Grounds into double play, 5-4-3 (Groundball, 5)
Batting: RHB Derek Ramsey 0-0: Ball
1-0: Fly out, F7 (Line Drive, 7)
Top of the 6th over - 0 runs, 1 hit, 0 errors, 0 left on base; Trenton 3 - Havana 2
BOTTOM OF THE 6TH
Havana Rollers batting - Pitching for Trenton Stars : RHP Roberto Carrillo
Batting: RHB Soshu Nakamura 0-0: Ball
1-0: Foul Ball, location: 2F
1-1: Ball
2-1: Foul Ball, location: 2F
2-2: Ground out 6-3 (Groundball, 6)
Batting: RHB Bill Little 0-0: SINGLE (Line Drive, 89S)
Batting: LHB Shiro Ueno 0-0: Grounds into double play, 5-4-3 (Groundball, 5L)
Bottom of the 6th over - 0 runs, 1 hit, 0 errors, 0 left on base; Trenton 3 - Havana 2
TOP OF THE 7TH
Trenton Stars batting - Pitching for Havana Rollers : RHP Ron Bartlett
Batting: RHB Joe Baker 0-0: Foul Ball, location: 2F
0-1: Swinging Strike
0-2: Foul Ball, location: 2F
0-2: Ball
1-2: Strikes out looking
Batting: RHB Jorge Flores 0-0: Called Strike
0-1: Ground out 6-3 (Groundball, 6)
Batting: RHB Dan McKay 0-0: Swinging Strike
0-1: Ball
1-1: Ball
2-1: Foul Ball, location: 2F
2-2: Ball
3-2: Base on Balls
Pinch Hitting: RHB Carlos Pérez 0-0: Ball
Dan McKay steals 2nd base
1-0: Ball
2-0: Ball
3-0: Called Strike
3-1: Base on Balls
Pitching: RHP Kel Meyer
Pinch Hitting: LHB Tom Waller 0-0: Foul Ball, location: 2F
0-1: Ground out 1-3 (Groundball, 13)
Top of the 7th over - 0 runs, 0 hits, 0 errors, 2 left on base; Trenton 3 - Havana 2
BOTTOM OF THE 7TH
Havana Rollers batting - Pitching for Trenton Stars : RHP Roberto Carrillo
Now at SS: Carlos Pérez
Now in LF: Alfredo López
Batting: RHB Paul Bailey 0-0: Ball
1-0: Foul Ball, location: 2F
1-1: Fly out, F8 (Flyball, 8RM)
Batting: RHB Luis Aguilar 0-0: Ball
1-0: Foul Ball, location: 2F
1-1: Foul Ball, location: 2F
1-2: Strikes out swinging
Batting: RHB Chad Case 0-0: Called Strike
0-1: Ball
1-1: Swinging Strike
1-2: Ball
2-2: Ball
3-2: Reached on error, E4 (Flyball, 34D)
Pitching: RHP Roberto Cordero
Batting: LHB Mario Olivares 0-0: Called Strike
0-1: Ball
1-1: Ball
2-1: Swinging Strike
2-2: Strikes out swinging
Bottom of the 7th over - 0 runs, 0 hits, 1 error, 1 left on base; Trenton 3 - Havana 2
TOP OF THE 8TH
Trenton Stars batting - Pitching for Havana Rollers : RHP Kel Meyer
Batting: RHB George Reeves 0-0: Called Strike
0-1: Ball
1-1: Ground out 4-3 (Groundball, 4)
Batting: LHB Wes Thompson 0-0: Foul Ball, location: 2F
0-1: Swinging Strike
0-2: Ball
1-2: Ground out 4-3 (Groundball, 34)
Batting: LHB Pat Zimmerman 0-0: Fly out, F8 (Flyball, 8LM)
Top of the 8th over - 0 runs, 0 hits, 0 errors, 0 left on base; Trenton 3 - Havana 2
BOTTOM OF THE 8TH
Havana Rollers batting - Pitching for Trenton Stars : RHP Roberto Cordero
Batting: RHB Ken MacDonald 0-0: Called Strike
0-1: Ball
1-1: Foul Ball, location: 2F
1-2: Strikes out swinging
Batting: LHB Enrique Cortéz 0-0: Foul Ball, location: 2F
0-1: Swinging Strike
0-2: Foul Ball, location: 2F
0-2: Fly out, F8 (Flyball, 89D)
Batting: RHB Soshu Nakamura 0-0: SINGLE (Flyball, 8LS)
Pitching: RHP Augusto Muńíz
Batting: RHB Bill Little 0-0: Ball
1-0: Called Strike
1-1: Foul Ball, location: 2F
1-2: Foul Ball, location: 2F
1-2: Strikes out swinging
Bottom of the 8th over - 0 runs, 1 hit, 0 errors, 1 left on base; Trenton 3 - Havana 2
TOP OF THE 9TH
Trenton Stars batting - Pitching for Havana Rollers : RHP Kel Meyer
Batting: RHB Derek Ramsey 0-0: Called Strike
0-1: Ground out 6-3 (Groundball, 6)
Batting: RHB Joe Baker 0-0: Called Strike
0-1: SINGLE (Groundball, 4MD)
Batting: RHB Jorge Flores 0-0: Called Strike
0-1: Ball
1-1: Ball
2-1: Ball
3-1: Base on Balls
Joe Baker to second
Pinch Hitting: LHB Carl Hayden 0-0: Ball
1-0: Ball
2-0: Swinging Strike
2-1: Ball
3-1: Base on Balls
Joe Baker to third
Jorge Flores to second
Batting: RHB Carlos Pérez 0-0: Ball
1-0: Called Strike
1-1: Foul Ball, location: 2F
1-2: Foul Ball, location: 2F
1-2: Ball
2-2: Ball
3-2: Fly out, F7 (Flyball, 7LMF)
Runner from 3rd tags up, SCORES, no throw
Batting: RHB Alfredo López 0-0: Ball
1-0: Foul Ball, location: 2F
1-1: Foul Ball, location: 2F
1-2: Foul Ball, location: 2F
1-2: Foul Ball, location: 2F
1-2: SINGLE (Groundball, 6MD)
Jorge Flores to third
Carl Hayden to second
Runner from 3rd tries for Home, throw and OUT!
Top of the 9th over - 1 run, 2 hits, 0 errors, 2 left on base; Trenton 4 - Havana 2
BOTTOM OF THE 9TH
Havana Rollers batting - Pitching for Trenton Stars : RHP Augusto Muńíz
Pitching: LHP Enrico Lozano
Now at SS: Octávio Marín
Batting: LHB Shiro Ueno 0-0: Ball
1-0: Called Strike
1-1: Ball
2-1: Swinging Strike
2-2: Fly out, F4 (Popup, 34S)
Batting: RHB Paul Bailey 0-0: Ball
1-0: Foul Ball, location: 2F
1-1: Called Strike
1-2: Ground out 4-3 (Groundball, 34)
Batting: RHB Luis Aguilar 0-0: Called Strike
0-1: Ball
1-1: Ball
2-1: Foul Ball, location: 2F
2-2: Strikes out looking
Bottom of the 9th over - 0 runs, 0 hits, 0 errors, 0 left on base; Trenton 4 - Havana 2
Saturday, April 7th, 2018 - OOTP Baseball 18.8 Build 76